 Dungeon Crawl Stone Soup version 0.29.1-15-g9cfb28693d (webtiles) character file.

Game seed: 16942779415071892358

8 protoss039 the Digger (level 2, 20/20 HPs)
             Began as a Demonspawn Earth Elementalist on Mar 29, 2023.
             Got out of the dungeon alive.
             The game lasted 00:00:35 (427 turns).

protoss039 the Digger (DsEE)                         Turns: 427, Time: 00:00:36

Health: 20/20      AC:  2    Str:  8    XL:     2   Next: 0%
Magic:  5/5        EV: 11    Int: 16    God:
Gold:   3          SH:  3    Dex: 13    Spells: 4/5 levels left

rFire   . . .      SeeInvis .   c - +0 club
rCold   . . .      Faith    .   f - +0 buckler
rNeg    . . .      Spirit   .   a - +0 robe
rPois   .          Reflect  .   (no helmet)
rElec   .          Harm     .   (no cloak)
rCorr   .          Rampage  .   (no gloves)
Will    .....                   (no boots)
Stlth   ++........              (no amulet)
HPRegen 0.06/turn               (no ring)
MPRegen 0.18/turn               (no ring)

@: no status effects
A: magic regeneration
a: no special abilities


You escaped.
You visited 1 branch of the dungeon, and saw 1 of its levels.

You collected 3 gold pieces.

Inventory:

Hand Weapons
 c - a +0 club (weapon)
Armour
 a - a +0 robe (worn)
 f - a +0 buckler (worn)
Scrolls
 d - a scroll of identify {unknown}
 e - a scroll of immolation {unknown}
Potions
 b - a potion of magic
 g - a potion of cancellation {unknown}


   Skills:
 + Level 0.7 Fighting
 - Level 1.7 Dodging
 - Level 1.7 Stealth
 + Level 2.2 Spellcasting
 - Level 0.8 Transmutations
 + Level 2.9 Earth Magic


You had 4 spell levels left.
You knew the following spells:

 Your Spells              Type           Power      Damage    Failure   Level
a - Sandblast             Erth           22%        2d7       9%          1

Your spell library contained the following spells:

 Spells                   Type           Power      Damage    Failure   Level
 Passwall                 Tmut/Erth      5%         N/A       19%         2
 Stone Arrow              Conj/Erth      12%        3d7       41%         3
 Petrify                  Tmut/Erth      7%         N/A       77%         4


Dungeon Overview and Level Annotations

Branches:
Dungeon (1/15) Zot: 5562

Altars:


Innate Abilities, Weirdness & Mutations

You regenerate magic rapidly.


Message History

Unknown command.
You see here a +0 sling.
There is an open door here.
An endoplasm comes into view.
The endoplasm quivers.
An endoplasm is nearby!
An endoplasm is nearby!
Casting: Sandblast (safe; 9% risk of failure)
Confirm with . or Enter, or press ? or * to list all spells.
Aiming: Sandblast (safe; 9% risk of failure)
Press: ? - help, Shift-Dir - straight line, f - endoplasm
Aim: an endoplasm (98% to hit)
The blast of sand hits the endoplasm.
The endoplasm is lightly wounded.
Unknown command.
Casting: Sandblast (safe; 9% risk of failure)
Confirm with . or Enter, or press ? or * to list all spells.
Aiming: Sandblast (safe; 9% risk of failure)
Press: ? - help, Shift-Dir - straight line, f/p - endoplasm
Aim: an endoplasm (lightly wounded, 98% to hit)
The blast of sand hits the endoplasm.
The endoplasm is almost dead.
Unknown command.
Casting: Sandblast (safe; 9% risk of failure)
Confirm with . or Enter, or press ? or * to list all spells.
Aiming: Sandblast (safe; 9% risk of failure)
Press: ? - help, Shift-Dir - straight line, f/p - endoplasm
Aim: an endoplasm (almost dead, 98% to hit)
The blast of sand hits the endoplasm!
You kill the endoplasm!
You have reached level 2!
Your demonic ancestry asserts itself...
Your magic begins to regenerate rapidly.
Unknown command.
Unknown command.
You open the door.
There is an open door here.
There is a staircase leading out of the dungeon here.
Are you sure you want to leave the Dungeon?
This will make you lose the game!
You have escaped!

############# #.#####
#P≈≈≈≈≈≈≈~~P# #.#####
#.P~≈≈≈≈≈~P.# #......
#..P~~≈~~P..# ######.
#...P~~~P...# #.
#....P≈P....# ####.
#.....P.....# ##.##.
##...........### #.....
#......@.......## ##.##.
##............#..####.##.
#.......P.....##.........
........P~P....####.##.###
####...P~~~P...# #.##.# #
#..P~≈≈≈~P..# #.##.# #
#.P≈≈≈≈≈≈~P.# #.##[# #
#P~≈≈≈≈≈≈≈~P# #.#... #
############# #..... .


There were no monsters in sight!

Vanquished Creatures
  2 bats (D:1)
  An endoplasm (D:1)
  A goblin (D:1)
  A hobgoblin (D:1)
  A ball python (D:1)
  2 rats (D:1)
8 creatures vanquished.

Notes
Turn   | Place    | Note
-------+----------+-------------------------------------------
     0 | D:1      | protoss039 the Demonspawn Earth Elementalist began the
                  | quest for the Orb.
     0 | D:1      | Reached XP level 1. HP: 13/13 MP: 3/3
   396 | D:1      | Gained mutation: You regenerate magic rapidly. [demonic
                  | ancestry]
   396 | D:1      | Reached XP level 2. HP: 20/20 MP: 0/5
   427 | D:$      | Got out of the dungeon alive.

Illustrated notes

Levels and vault maps discovered:
D:1:      eino_arrival_druids_welcome, layout_loops_corners, minmay_box_of_dots

Action                   || total
-------------------------++-------
Melee: Club              ||    17
 Cast: Sandblast         ||    11
Armor: Robe              ||    10
Dodge: Dodged            ||    13
Block: Buckler           ||     6
